 Dungeon Crawl Stone Soup version 0.21.1-1-g345015fe64 (webtiles) character file.

53 OlSheep the Insei (level 3, -1/18 HPs)
             Began as a Vine Stalker Transmuter on July 7, 2018.
             Slain by a sky beast (4 damage)
             ... on level 2 of the Dungeon.
             The game lasted 00:04:31 (1301 turns).

OlSheep the Insei (Vine Stalker Transmuter)         Turns: 1301, Time: 00:04:32

Health: -1/18      AC:  2    Str: 13    XL:     3   Next: 87%
Magic:  0/7        EV: 12    Int: 13    God:
Gold:   62         SH:  0    Dex: 14    Spells: 4/7 levels left

rFire    . . .     SeeInvis .     - Unarmed
rCold    . . .     Gourm    .   (no shield)
rNeg     . . .     Faith    .   b - +0 robe
rPois    .         Spirit   +   (no helmet)
rElec    .         Reflect  .   (no cloak)
rCorr    .         Harm     .   (no gloves)
MR       .....                  (no boots)
Stlth    +.........             (no amulet)
HPRegen  0.06/turn              (no ring)
MPRegen  0.10/turn              (no ring)

@: appendage (expiring)
A: fangs 2, horns 2, magic shield, antimagic bite, no potion heal 3, rot
immunity
a: End Transformation


You were on level 2 of the Dungeon.
You were not hungry.
You had grown temporary horns.
You visited 1 branch of the dungeon, and saw 2 of its levels.

You collected 62 gold pieces.

Inventory:

Missiles
 a - 40 arrows
Armour
 b - a +0 robe (worn)
Jewellery
 j - an uncursed ring of flight {unknown}
Scrolls
 h - a scroll of blinking {unknown}
 i - a scroll of fear {unknown}
 k - a scroll of teleportation {unknown}
Potions
 e - a potion of curing {unknown}
 g - 2 potions of haste {unknown}
Books
 c - a book of Changes

   Spells                             Type                      Level
   a - Beastly Appendage              Transmutation                1
   b - Sticks to Snakes               Transmutation                2
   c - Spider Form                    Transmutation/Poison         3
   d - Ice Form                       Ice/Transmutation            4
   e - Blade Hands                    Transmutation                5
Comestibles
 d - a ration


   Skills:
 * Level 1.3 Fighting
 * Level 0.7 Armour
 + Level 1.7 Dodging
 + Level 3.4 Unarmed Combat
 + Level 2.5 Spellcasting
 * Level 2.7 Transmutations


You had 4 spell levels left.
You knew the following spells:

 Your Spells              Type           Power        Failure   Level  Hunger
a - Beastly Appendage     Tmut           #.....       8%          1    #......
b - Sticks to Snakes      Tmut           #.......     12%         2    ###....


Dungeon Overview and Level Annotations

Branches:
Dungeon (2/15)

Altars:


Innate Abilities, Weirdness & Mutations

You have extremely sharp teeth.
When hurt, damage is shared between your health and your magic reserves.
Your bite disrupts and absorbs the magic of your enemies.
Potions cannot restore your health.
You are immune to rotting.
You have a pair of horns on your head.


Message History

This raw flesh tastes terrible.
All of the chunks of flesh in your inventory have rotted away.
A sky beast comes into view.
There is an open door, spattered with blood here.
You close the door.
You start resting.
Casting: Beastly Appendage
Confirm with . or Enter, or press ? or * to list all spells.
You grow a pair of large bovine horns.
The sky beast flickers out of sight!
Deactivating autopickup; reactivate with Ctrl-A.
Your transformation is almost over.
Something hits you. Something shocks you.
You barely miss something. Your headbutt misses something.
Your bite misses something. Something hits you. Something shocks you.
* * * LOW HITPOINT WARNING * * *
You miss something. Something hits you.
* * * LOW HITPOINT WARNING * * *
Something shocks you.
You die...

## #............#
...#.....#.######
................
....#.#.##.#####
....#......#######.#
....................#
.....#........####
.....#....###+#######
....$.....{@........#
......#.............#
. ..#.#.>...........#
....#.............# #
#.............#
...............#
..##............# ##
#............#
..........####


There were no monsters in sight!

Vanquished Creatures
  An adder (D:2)
  An ooze (D:1)
  2 dart slugs
  A leopard gecko (D:1)
  A giant cockroach (D:1)
  A goblin (D:1)
  4 hobgoblins
  5 jackals (D:1)
  7 bats
  3 frilled lizards (D:1)
  5 kobolds (D:1)
  4 rats (D:1)
35 creatures vanquished.

Notes
Turn   | Place    | Note
-------+----------+-------------------------------------------
     0 | D:1      | OlSheep the Vine Stalker Transmuter began the quest for the Orb.
     0 | D:1      | Reached XP level 1. HP: 9/9 MP: 4/4
     7 | D:1      | Noticed a polar bear
     7 | D:1      | Noticed a rime drake
     7 | D:1      | Noticed a salamander
     7 | D:1      | Noticed a swamp worm
    65 | D:1      | Reached skill level 1 in Fighting
    79 | D:1      | Reached XP level 2. HP: 2/14 MP: 1/6
   624 | D:1      | Reached XP level 3. HP: 13/18 MP: 5/7
   723 | D:1      | Learned a level 2 spell: Sticks to Snakes
  1251 | D:2      | Noticed a sky beast
  1301 | D:2      | Slain by a sky beast

Skill      XL: |  1 |
---------------+----+-----
Fighting       | 1 |  1.3
Armour         | |  0.7
Dodging        | |  1.7
Unarmed Combat | |  3.4
Spellcasting   | |  2.5
Transmutations | |  2.7

Action                   || total
-------------------------++-------
Melee: Unarmed           ||   108
       Bite              ||    18
       Headbutt          ||     4
       Kick              ||    10
 Cast: Beastly Appendage ||    24
  Eat: Chunk             ||     2
Armor: Robe              ||    30
Dodge: Dodged            ||    85
